 Dungeon Sprint DCSS version 0.27.1-1-g398f81649c (webtiles) character file.

Game seed: 9096892419802006350

539 boopmooplesden the Cleaver (level 9, -10/89 HPs)
             Began as a Minotaur Fighter on Sept 18, 2021.
             Was a High Priest of Okawaru.
             Mangled by an iron troll (13 damage)
             ... in the Dungeon (Sprint VI: "Thunderdome").
             The game lasted 00:05:42 (740 turns).

boopmooplesden the Cleaver (Minotaur Fighter)        Turns: 740, Time: 00:05:43

Health: -10/89     AC:  8    Str: 22    XL:     9   Next: 46%
Magic:  0/18       EV: 16    Int:  7    God:    Okawaru [*****.]
Gold:   42         SH: 14    Dex: 23    Spells: 8/8 levels left

rFire    + + .     SeeInvis +   s - +0 broad axe (venom)
rCold    + . .     Faith    .   c - +0 kite shield
rNeg     . . .     Spirit   +   x - +1 leather armour of the Farmer {rF- Dex+5}
rPois    .         Reflect  .   (helmet restricted)
rElec    .         Harm     .   r - +0 cloak
rCorr    .         Rampage  .   t - +0 pair of gloves
Will     ++...     NoTele   +   (no boots)
Stlth    ++........             p - amulet of Biant {Spirit rC+ Will+ Dex-4}
HPRegen  0.24/turn              o - ring "Kiab" {rF+++ MP+9 Int-2 Dex+5 SInv}
MPRegen  0.16/turn              q - ring of Guw Biwi {*Slow Will+ Int+3 Dex+6}

@: no status effects
A: horns 2, retaliatory headbutt
}: 1/15 runes: decaying
a: Renounce Religion, Heroism, Finesse


You were in the Dungeon.
You worshipped Okawaru.
Okawaru was extremely pleased with you.
You visited 1 branch You collected 850 gold pieces.
You spent 808 gold pieces at shops.

Inventory:

Hand Weapons
 a - a +0 war axe
 s - a +0 broad axe of venom (weapon)
 w - a +5 hand axe of electrocution
Armour
 b - a +0 scale mail
 c - a +0 kite shield (worn)
 r - a +0 cloak (worn)
 t - a +0 pair of gloves (worn)
 x - the +1 leather armour of the Farmer (worn) {rF- Dex+5}
   (You bought it in a shop in the Dungeon)

   Dex:       It affects your dexterity (+5).
   rF:        It makes you vulnerable to fire.
Jewellery
 o - the ring "Kiab" (left hand) {rF+++ MP+9 Int-2 Dex+5 SInv}
   (You bought it in a shop in the Dungeon)

   [ring of see invisible]

   Int:       It affects your intelligence (-2).
   Dex:       It affects your dexterity (+5).
   rF:        It renders you almost immune to fire.
   MP:        It affects your magic capacity (+9).
   SInv:      It lets you see invisible.
 p - the amulet of Biant (around neck) {Spirit rC+ Will+ Dex-4}
   (You bought it in a shop in the Dungeon)

   [amulet of guardian spirit]

   It causes incoming damage to be divided between your reserves of health and
   magic.
   Dex:       It affects your dexterity (-4).
   rC:        It protects you from cold.
   Will:      It increases your willpower.
 q - the ring of Guw Biwi (right hand) {*Slow Will+ Int+3 Dex+6}
   (You bought it in a shop in the Dungeon)

   [ring of dexterity]

   Int:       It affects your intelligence (+3).
   Dex:       It affects your dexterity (+6).
   *Slow:     It may slow you when you take damage.
   Will:      It increases your willpower.
Wands
 k - a wand of acid (5)
 l - a wand of iceblast (5)
 v - a wand of digging (8)
Scrolls
 j - 4 scrolls of blinking
 m - 3 scrolls of fog
Potions
 d - a potion of might
 e - a potion of curing
 f - 3 potions of heal wounds
 g - 4 potions of haste
 h - 2 potions of magic
 i - a potion of berserk rage
 n - a potion of resistance
 u - a potion of experience


   Skills:
 + Level 11.3 Fighting
 + Level 14.4 Axes
 + Level 11.1 Armour
 + Level 6.7 Dodging
 + Level 13.6 Shields
 + Level 1.5 Invocations


You had 8 spell levels left.
You didn't know any spells.
Your spell library was empty.

Dungeon Overview and Level Annotations

Branches:
Dungeon (1/1)

Altars:
Cheibriados
Dithmenos
Fedhas
Gozag
Kikubaaqudgha
Makhleb
Okawaru
Qazlal
Ru
Sif Muna
Trog
Uskayaw
Vehumet
Wu Jian
Xom
Yredelemnul
Zin
The Shining One
Beogh
Jiyva
Lugonu

Shops:
D *[??*?*:[((!!!!


Innate Abilities, Weirdness & Mutations

You have a pair of horns on your head.
You reflexively headbutt those who attack you in melee.


Message History

The iron troll shouts!
An iron imp comes into view.
The iron imp moves out of view.
You hit the iron troll but do no damage.
The iron troll is poisoned.
Your headbutt misses the iron troll. The iron troll closely misses you.
The iron troll claws you!! The iron troll barely misses you.
You barely miss the iron troll.
You headbutt the iron troll, but do no damage.
You hit the iron troll but do no damage.
The iron troll looks as sick as possible!
The iron troll bites you but does no damage.
You block the iron troll's attack. The iron troll barely misses you.
You hit the iron troll but do no damage.
The iron troll looks as sick as possible!
You headbutt the iron troll, but do no damage.
The iron troll bites you! The iron troll barely misses you.
The iron troll claws you.
You hit the iron troll but do no damage.
You headbutt the iron troll.
The iron troll is lightly wounded.
You barely miss the iron troll.
The iron troll is lightly wounded.
You block the iron troll's attack. x3
You barely miss the iron troll. You headbutt the iron troll.
The iron troll is moderately wounded.
The iron troll bites you! The iron troll claws you!!
* * * LOW HITPOINT WARNING * * *
The iron troll claws you!
* * * LOW HITPOINT WARNING * * *
You slash the iron troll!
The iron troll looks as sick as possible!
The iron troll is heavily wounded.
You hit the iron troll but do no damage.
The iron troll looks as sick as possible!
The iron troll is heavily wounded.
The iron troll bites you!
* * * LOW HITPOINT WARNING * * *
The iron troll claws you!
You die...

_......._# _......._#
.........###
.)........⌠#
)........8.######
...###..)...___∩##
.8.# #.8........∩###
...###......[......##
###...###.......@..⌠#
# #.<.# #........T.⌠#
###...###..........⌠#
...###.............##
.8.# #.8........∩###
...###......___∩##
.........8.######
..........⌠#
.).......###


You could see an iron troll (extremely poisoned).

Vanquished Creatures
  A wizard (D)
  Erolcha (D)
  A rime drake (D)
  2 water elementals (D)
  2 water moccasins (D)
  An ice beast (D)
  A necrophage (D)
  5 ogres (D)
  2 scorpions (D)
  An earth elemental (D)
  A killer bee (D)
  2 adder skeletons (D)
  A bat skeleton (D)
  A bat zombie (D)
  A ball python skeleton (D)
  2 bat simulacra (D)
  A quokka simulacrum (D)
26 creatures vanquished.

Notes
Turn   | Place    | Note
-------+----------+-------------------------------------------
     0 | D        | boopmooplesden the Minotaur Fighter began the quest for the
                  | Orb.
     0 | D        | Reached XP level 1. HP: 19/19 MP: 0/0
     2 | D        | Found a blossoming altar of Fedhas.
     2 | D        | Found a glowing silver altar of Zin.
     3 | D        | Found a corrupted altar of Lugonu.
     3 | D        | Found a snail-covered altar of Cheibriados.
     4 | D        | Found an ornate altar of the Wu Jian Council.
     5 | D        | Found a basalt altar of Yredelemnul.
     5 | D        | Found a shadowy altar of Dithmenos.
     5 | D        | Found Sakhasau's Magic Scroll Shop.
     5 | D        | Found Zopp's Staff Store.
     5 | D        | Round 1.
     6 | D        | Found Weret's Magic Scroll Shop.
     6 | D        | Found Depanalu's Must-Have Magic.
     8 | D        | Found a stormy altar of Qazlal.
    10 | D        | Found Ahukh's Jewellery.
    10 | D        | Found Paruin's Advanced Armour.
    10 | D        | Found a shimmering altar of Xom.
    10 | D        | Found Maedghajig's Identification Station.
    19 | D        | Bought a wavering silver ring for 45 gold pieces
    19 | D        | Identified the ring "Kiab" {rF+++ MP+9 Int-2 Dex+5 SInv}
                  | (You bought it in a shop in the Dungeon)
    19 | D        | Bought a brightly glowing graven amulet for 45 gold pieces
    19 | D        | Identified the amulet of Biant {Spirit rC+ Will+ Dex-4}
                  | (You bought it in a shop in the Dungeon)
    19 | D        | Bought a transparent copper ring for 45 gold pieces
    19 | D        | Identified the ring of Guw Biwi {*Slow Will+ Int+3 Dex+6}
                  | (You bought it in a shop in the Dungeon)
    40 | D        | Found an ancient bone altar of Kikubaaqudgha.
    41 | D        | Found a glowing golden altar of the Shining One.
    42 | D        | Found an opulent altar of Gozag.
    42 | D        | Found Cimisod's Premium Goods.
    43 | D        | Found Nairghus's Miscellaneous Merchandise.
    43 | D        | Found Ufuq's Basic Armour.
    44 | D        | Found an iron altar of Okawaru.
    44 | D        | Found a viscous altar of Jiyva.
    44 | D        | Found a sacrificial altar of Ru.
    44 | D        | Found Tirchuud's Weapon Rack.
    48 | D        | Found a shimmering blue altar of Sif Muna.
    52 | D        | Became a worshipper of Warmaster Okawaru
    57 | D        | Bought a +0 cloak for 54 gold pieces
    66 | D        | Found a bloodstained altar of Trog.
    67 | D        | Found a radiant altar of Vehumet.
    71 | D        | Found Bam Bunn's Do-It-Yourself Clinic.
    72 | D        | Found Ocvo's Bottled Wisdom.
    72 | D        | Found Tour Ycu's Distillery.
    73 | D        | Found a burning altar of Makhleb.
    73 | D        | Found a hide-covered altar of Uskayaw.
    73 | D        | Found Azadwer's Distillery.
   126 | D        | Noticed a necrophage
   135 | D        | Killed a necrophage
   135 | D        | Reached * piety under Okawaru
   136 | D        | Reached skill level 4 in Axes
   136 | D        | Reached XP level 2. HP: 23/31 MP: 1/1
   136 | D        | Reached XP level 3. HP: 28/38 MP: 2/2
   136 | D        | Reached XP level 4. HP: 34/45 MP: 3/3
   136 | D        | Arena points: 14 (+14) [x2]
   188 | D        | Round 2.
   191 | D        | Noticed a water moccasin
   191 | D        | Noticed a water moccasin
   191 | D        | Noticed a scorpion
   193 | D        | Noticed a scorpion
   197 | D        | Noticed a scorpion
   204 | D        | Reached skill level 5 in Axes
   204 | D        | Reached XP level 5. HP: 43/51 MP: 4/4
   210 | D        | Reached skill level 6 in Axes
   210 | D        | Reached skill level 1 in Dodging
   216 | D        | Killed a water moccasin
   216 | D        | Reached ** piety under Okawaru
   217 | D        | Reached skill level 7 in Axes
   217 | D        | Reached XP level 6. HP: 37/61 MP: 5/5
   222 | D        | Reached skill level 8 in Axes
   230 | D        | Killed a water moccasin
   231 | D        | Reached skill level 10 in Shields
   232 | D        | Arena points: 50 (+36) [x3]
   247 | D        | Round 3.
   251 | D        | Noticed Erolcha
   261 | D        | Killed Erolcha
   261 | D        | Reached *** piety under Okawaru
   261 | D        | Reached **** piety under Okawaru
   262 | D        | Reached skill level 10 in Fighting
   262 | D        | Reached skill level 11 in Axes
   262 | D        | Reached skill level 10 in Armour
   262 | D        | Reached XP level 7. HP: 61/72 MP: 6/6
   262 | D        | Reached XP level 8. HP: 67/79 MP: 7/7
   342 | D        | Reached skill level 5 in Dodging
   342 | D        | Reached skill level 1 in Invocations
   364 | D        | Reached skill level 12 in Axes
   385 | D        | Arena points: 134 (+84) [x4]
   396 | D        | Bought a +0 broad axe for 120 gold pieces
   397 | D        | Bought a +0 pair of gloves for 54 gold pieces
   440 | D        | Round 4.
   455 | D        | Reached ***** piety under Okawaru
   464 | D        | Noticed a rime drake
   480 | D        | Killed a rime drake
   481 | D        | Reached skill level 13 in Axes
   481 | D        | Reached XP level 9. HP: 55/86 MP: 9/9
   491 | D        | Arena points: 294 (+160) [x5]
   502 | D        | Bought a scroll of brand weapon for 200 gold pieces
   506 | D        | Round 5.
   507 | D        | Noticed a witch
   531 | D        | Killed a witch
   531 | D        | Received a gift from Okawaru
   531 | D        | Arena points: 539 (+245) [x7]
   532 | D        | Reached skill level 14 in Axes
   534 | D        | Got a decaying rune of Zot
   670 | D        | Bought a brightly glowing leather armour for 245 gold
                  | pieces
   670 | D        | Identified the +1 leather armour of the Farmer {rF- Dex+5}
                  | (You bought it in a shop in the Dungeon)
   709 | D        | Round 6.
   729 | D        | Noticed an iron troll
   740 | D        | HP: 3/89 [iron troll (6)]
   740 | D        | Mangled by an iron troll

Illustrated notes

Levels and vault maps discovered:
D:        arena_sprint

Skill      XL: |  1  2  3  4  5  6  7  8  9 |
---------------+----------------------------+-----
Fighting       | 6 8 10 11 | 11.3
Armour         | 6 7 8 10 11 | 11.1
Shields        | 6 7 9 11 12 13 | 13.6
Axes           | 4 5 7 11 13 14 | 14.4
Dodging        | 2 4 6 |  6.7
Invocations    | 1 |  1.5

Action                   |  1- 3 |  4- 6 |  7- 9 || total
-------------------------+-------+-------+-------++-------
Melee: War axe           |    13 |    39 |    21 ||    73
       Headbutt          |     1 |     5 |    26 ||    32
       Broad axe         |       |       |    66 ||    66
Invok: Heroism           |       |     2 |       ||     2
  Use: Potion            |       |     1 |       ||     1
       Scroll            |       |       |     1 ||     1
Armor: Scale mail        |    10 |     8 |    11 ||    29
       Leather armour    |       |       |     1 ||     1
Dodge: Dodged            |    13 |    13 |    20 ||    46
Block: Kite shield       |    11 |    37 |    37 ||    85
